 Dungeon Crawl Stone Soup version 0.21-a0-55-gb612c23 (webtiles) character file.

399 4thArraOfDagon the Stinger (level 6, -3/41 HPs)
             Began as a Mummy Venom Mage on June 14, 2017.
             Killed from afar by an orc wizard (7 damage)
             ... with a puff of flame
             ... on level 7 of the Dungeon.
             The game lasted 00:08:42 (1679 turns).

4thArraOfDagon the Stinger (Mummy Venom Mage)       Turns: 1679, Time: 00:08:43

Health: -3/41      AC:  5    Str: 12    XL:     6   Next: 54%
Magic:  1/10       EV: 11    Int: 16    God:
Gold:   121        SH:  0    Dex: 12    Spells: 0/10 levels left

rFire    x . .     SeeInvis .   j - -2 flail (curse)
rCold    + + .     Gourm    .   (no shield)
rNeg     + + +     Faith    .   n - +2 leather armour {rC+}
rPois    ∞         Spirit   .   (no helmet)
rElec    .         Reflect  .   (no cloak)
rCorr    +         Harm     .   (no gloves)
MR       .....                  (no boots)
Stlth    +.........             (no amulet)
HPRegen  0.13/turn              k - ring of resist corrosion
MPRegen  0.12/turn              (no ring)

@: very slightly contaminated
A: no food or potions, fire vulnerability, cold resistance 1, negative energy
resistance 3, torment resistance, unbreathing
a: no special abilities


You were on level 7 of the Dungeon.
You were not hungry.

You visited 1 branch of the dungeon, and saw 7 of its levels.

You collected 121 gold pieces.

Inventory:

Hand Weapons
 f - a +0 blowgun
 g - a +0 club
 i - a +2 spear of piercing
 j - a cursed -2 flail (weapon)
 p - the +10 whip of Iplipiwn {drain, Int+3, unknown}
   (You found it on level 7 of the Dungeon)

   A truly terrible weapon, it drains the life of those it strikes.
   It affects your intelligence (+3).
Missiles
 c - 67 stones (quivered)
 h - 6 poisoned needles
Armour
 a - a +0 robe
 n - a +2 leather armour of cold resistance (worn)
Magical Staves
 o - an uncursed staff of power {unknown}
Jewellery
 k - a ring of resist corrosion (left hand)
Wands
 q - a wand of confusion (25/48)
Scrolls
 d - a scroll of amnesia
 l - 2 scrolls of enchant armour
Books
 b - a Young Poisoner's Handbook

   Spells                             Type                      Level
   a - Sting                          Conjuration/Poison           1
   b - Poisonous Vapours              Poison/Air                   2
   c - Mephitic Cloud                 Conjuration/Poison/Air       3
   d - Olgreb's Toxic Radiance        Poison                       4
   e - Venom Bolt                     Conjuration/Poison           5
 e - a book of Minor Magic

   Spells                             Type                      Level
   a - Magic Dart                     Conjuration                  1
   b - Blink                          Translocation                2
   c - Call Imp                       Summoning                    2
   d - Slow                           Hexes                        2
   e - Conjure Flame                  Conjuration/Fire             3
   f - Mephitic Cloud                 Conjuration/Poison/Air       3


   Skills:
 - Level 1.5 Dodging
 - Level 1.5 Stealth
 - Level 2.6 Spellcasting
 - Level 0.7 Conjurations
 * Level 6.2 Poison Magic


You couldn't memorise any spells.
You knew the following spells:

 Your Spells              Type           Power        Failure   Level  Hunger
a - Sting                 Conj/Pois      ##..         6%          1    N/A
b - Poisonous Vapours     Pois/Air       ##....       11%         2    N/A
c - Mephitic Cloud        Conj/Pois/Air  #.......     28%         3    N/A
d - Olgreb's Toxic Radia  Pois           ###.....     19%         4    N/A

Dungeon Overview and Level Annotations

Branches:
Dungeon (7/15)
 Temple: D:4-7

Altars:

Annotations:
D:6 Blork the orc


Innate Abilities, Weirdness & Mutations

You do not eat or drink.
Your flesh is vulnerable to fire.
You are immune to poison.
Your flesh is cold resistant. (rC+)
You are immune to negative energy. (rN+++)
You are immune to unholy pain and torment.
You can survive without breathing.


Message History

Aiming: Confuse (will waste charges)
Press: ? - help, Shift-Dir - straight line, f/p - black bear
Aim: a black bear (heavily wounded, chance to defeat MR: 46%)
The black bear resists with some effort.
Evoking this partially-identified wand wasted a few charges.
The orc wizard hits you but does no damage.
The black bear bites you but does no damage.
The black bear claws you but does no damage. x2
Unknown command.
Unknown command.
Unknown command.
Evoke which item? (* to show all) (? for menu, Esc to quit)
Aiming: Confuse (will waste charges)
Press: ? - help, Shift-Dir - straight line, f/p - black bear
Aim: a black bear (heavily wounded, chance to defeat MR: 46%)
The black bear resists with some effort.
Evoking this partially-identified wand wasted a few charges.
The orc wizard gestures at you while chanting.
The puff of flame hits you! The fire burns you terribly!
You die...

#....#...#..# #.#
#...##......# #.#
#.#.######.## #.## #.#h#
###.### #..# #.#5# #.H.).#
##.# ###h#
#.†...#####.#### ###.#
#.....##.......# #...#
#.ho..##.##.##.# ##.##
#.@...## #.# # #.# #######
#.# #.# # #.# # #.#
#.##.##.# ##.#######
#....>..#
.###...##...#########.####
#..........>.##........#
#####...#.....#.#####..#
######.#...........#


You could see a hippogriff (confused), a black bear and an orc wizard.

Vanquished Creatures
  An orc warrior (D:4)
  A black bear (D:7)
  2 scorpions
  An orc priest (D:7)
  2 orc wizards (D:7)
  A worker ant (D:4)
  3 gnolls (D:5)
  3 adders
  2 leopard geckos (D:2)
  5 orcs
  2 giant cockroaches
  A goblin (D:1)
  5 jackals
  3 quokkas
  3 bats
  A frilled lizard (D:1)
  3 kobolds
  2 rats
41 creatures vanquished.

Notes
Turn   | Place    | Note
-------+----------+-------------------------------------------
     0 | D:1      | 4thArraOfDagon the Mummy Venom Mage began the quest for the Orb.
     0 | D:1      | Reached XP level 1. HP: 13/13 MP: 4/4
   276 | D:2      | Reached skill level 3 in Poison Magic
   276 | D:2      | Reached XP level 2. HP: 10/19 MP: 0/5
   289 | D:2      | Learned a level 2 spell: Poisonous Vapours
   468 | D:3      | Reached XP level 3. HP: 18/24 MP: 0/7
   473 | D:3      | Learned a level 3 spell: Mephitic Cloud
   761 | D:4      | Noticed a scorpion
   769 | D:4      | Killed a scorpion
   769 | D:4      | Reached skill level 4 in Poison Magic
   769 | D:4      | Reached XP level 4. HP: 29/30 MP: 2/8
   973 | D:5      | Entered Level 5 of the Dungeon
   978 | D:5      | Noticed an orc warrior
  1025 | D:4      | Killed an orc warrior
  1025 | D:4      | Reached skill level 5 in Poison Magic
  1025 | D:4      | Reached XP level 5. HP: 35/35 MP: 0/9
  1261 | D:6      | Reached XP level 6. HP: 6/41 MP: 1/10
  1270 | D:6      | Learned a level 4 spell: Olgreb's Toxic Radiance
  1284 | D:6      | Noticed Blork the orc
  1558 | D:7      | Noticed a hippogriff
  1566 | D:7      | Got a brightly glowing whip
  1577 | D:7      | Reached skill level 6 in Poison Magic
  1625 | D:7      | Noticed an ice beast
  1679 | D:7      | Killed from afar by an orc wizard

Vault maps used:
D:1:      ncdulo_watergridlock
D:2:      uniq_natasha
D:3:      fedhas_altar_4, first_bread, kennysheep_generic_room_7, uniq_ijyb
D:4:      lightli_ossuary_entry_decrepit_ruins
D:5:      small_statue_intersection
D:6:      evilmike_ruin_ashenzari, nemelex_xobeh_ov_fountains_minmay,
          minmay_temple_entry_steel_oval, uniq_duvessa, uniq_blork_the_orc
D:7:      lemuel_zombie_altar_yredelemnul

Skill      XL: |  1  2  3  4  5  6 |
---------------+-------------------+-----
Poison Magic   | 3 4 5 6 |  6.2
Dodging        | |  1.5
Stealth        | |  1.5
Spellcasting   | |  2.6
Conjurations   | |  0.7

Action                   |  1- 3 |  4- 6 || total
-------------------------+-------+-------++-------
Melee: Unarmed           |     2 |       ||     2
       Flail             |     9 |    43 ||    52
Throw: Stone             |    16 |       ||    16
 Cast: Sting             |    43 |    14 ||    57
       Poisonous Vapours |       |     4 ||     4
       Mephitic Cloud    |       |     8 ||     8
Evoke: Wand              |       |    11 ||    11
  Use: Scroll            |     4 |     3 ||     7
 Stab: Confused          |       |     6 ||     6
Armor: Robe              |    10 |     4 ||    14
       Leather armour    |       |    13 ||    13
Dodge: Dodged            |    34 |    53 ||    87
